 Dungeon Crawl Stone Soup version 0.30.1-11-g7821555f0a (webtiles) character file.

Game seed: 10368407710532118536

442 PaiMei the Purveyor of Pain (level 6, -6/46 HPs)
             Began as a Demonspawn Necromancer on Jan 5, 2024.
             Was an Initiate of Kikubaaqudgha.
             Mangled by an orc warrior
             ... wielding a +0 scimitar
              (9 damage)
             ... on level 6 of the Dungeon.
             The game lasted 00:05:21 (5291 turns).

PaiMei the Purveyor of Pain (DsNe)                  Turns: 5291, Time: 00:05:22

Health: -6/46      AC:  5    Str:  8    XL:     6   Next: 71%
Magic:  11/11      EV: 13    Int: 19    God:    Kikubaaqudgha [......]
Gold:   268        SH:  0    Dex: 13    Spells: 4/12 levels left

rFire   . . .        (no weapon)
rCold   . . .        (no shield)
rNeg    . . .        a - +0 robe
rPois   .            (no helmet)
rElec   .            n - +0 cloak
rCorr   .            (gloves unavailable)
SInv    .            (no boots)
Will    .....        (no amulet)
Stlth   +            (no ring)
HPRegen 0.27/turn    (no ring)
MPRegen 0.12/turn

%: no passive effects
@: confused
A: claws 3, thin metallic scales 1
a: Renounce Religion


You were on level 6 of the Dungeon.
You worshipped Kikubaaqudgha.
Kikubaaqudgha was noncommittal.
You visited 2 branches of the dungeon, and saw 7 of its levels.

You collected 268 gold pieces.

Inventory:

Missiles
 f - 5 silver javelins
 g - 6 poisoned darts
 s - 2 throwing nets
Armour
 a - a +0 robe (worn)
 n - a +0 cloak (worn)
 u - a +2 ring mail of fire resistance
 B - a +0 buckler
Jewellery
 d - a ring of positive energy
 v - a ring of protection from fire
Wands
 r - a wand of roots (12)
Scrolls
 e - 2 scrolls of identify {unknown}
 h - 3 scrolls of torment {unknown}
 i - 2 scrolls of magic mapping {unknown}
 l - a scroll of vulnerability {unknown}
 o - 2 scrolls of enchant armour {unknown}
 y - 2 scrolls of teleportation {unknown}
 z - a scroll of fog {unknown}
 A - a scroll of poison {unknown}
 C - a scroll of butterflies {unknown}
Potions
 b - a potion of magic
 c - 3 potions of flight {unknown}
 j - 2 potions of haste {unknown}
 k - 2 potions of might {unknown}
 m - a potion of berserk rage {unknown}
 p - a potion of lignification {unknown}
 q - 2 potions of brilliance {unknown}
 t - a potion of mutation {unknown}
 w - a potion of degeneration {unknown}
 x - 3 potions of curing {unknown}


   Skills:
 + Level 2.8 Fighting
 + Level 3.5 Dodging
 - Level 2.2 Stealth
 + Level 3.7 Spellcasting
 + Level 5.8 Necromancy


You had 4 spell levels left.
You knew the following spells:

 Your Spells              Type           Power      Damage    Failure   Level
a - Necrotise             Necr           100%       1d9       1%          1
b - Vampiric Draining     Necr           25%        2d7       3%          3
c - Animate Dead          Necr           25%        N/A       13%         4

Your spell library contained the following spells:

 Spells                   Type           Power      Damage    Failure   Level
 Freeze                   Ice            12%        1d3       14%         1
 Shock                    Conj/Air       12%        1d3       14%         1
 Dazzling Flash           Conj/Hex       6%         N/A       38%         3
 Frozen Ramparts          Ice            6%         1d1       38%         3
 Hailstorm                Conj/Ice       3%         3d3       38%         3
 Swiftness                Air            3%         N/A       38%         3
 Airstrike                Air            1%         2d(1-17)  80%         4
 Agony                    Necr           25%        N/A       34%         5
 Silence                  Hex/Air        1%         N/A       98%         5


Dungeon Overview and Level Annotations

Branches:
Dungeon (6/15)             Temple (1/1) D:5

Altars:
Ashenzari
Cheibriados
Fedhas
Kikubaaqudgha
Qazlal
Trog
Wu Jian
Xom


Innate Abilities, Weirdness & Mutations

You have claws for hands.
You are partially covered in thin metallic scales. (AC +2)


Message History

Done exploring.
Casting: Necrotise (safe; 1% risk of failure)
Confirm with . or Enter, or press ? or * to list all spells.
You can't see any susceptible monsters within range! (Use Z to cast anyway.) Done exploring.
There is an open door here.
You see here 4 stones.
There is a stone staircase leading down here.
You climb downwards.
There is a stone staircase leading up here.
There are monsters nearby!
The orc warrior shouts!
The orc wizard shouts!
The orc wizard gestures at you while chanting.
You are confused.
In your confused state, you trip and fall back down the stairs.
The orc shouts!
The orc warrior misses you.
The orc wizard points at you and mumbles some strange words.
You resist with some effort. The orc completely misses you.
The orc closely misses you.
You're too confused to cast spells.
The orc warrior hits you with a +0 scimitar!
The orc wizard hits you with a +0 dagger.
The orc hits you with a +0 hand axe. The orc misses you.
In your confused state, you trip and fall back down the stairs.
The orc warrior hits you with a +0 scimitar.
The orc wizard gestures at you while chanting.
The puff of flame hits you! The orc hits you with a +0 hand axe.
The orc hits you but does no damage.
The orc warrior hits you with a +0 scimitar!
* * * LOW HITPOINT WARNING * * *
The orc wizard points at you and mumbles some strange words.
The magic dart hits you.
* * * LOW HITPOINT WARNING * * *
The orc closely misses you. The orc misses you.
In your confused state, you trip and fall back down the stairs.
* * * LOW HITPOINT WARNING * * *
The orc warrior hits you with a +0 scimitar!
You die...
Kikubaaqudgha rasps: "You have failed me!
Welcome... death!"

# #.##
#.#. ...
##.###o##
......o@#
#.....oo#
###...So#
........#
####.#...
..#.## ..
.. ### #.


You could see an orc warrior, an orc wizard, an adder and 3 orcs.

Vanquished Creatures
  An ice beast (D:5)
  A scorpion (D:5)
  A hound (D:4)
  3 orc wizards
  3 gnolls (D:5)
  7 adders
  A shadow imp (D:5)
  A white imp (D:5)
  2 ufetubi (D:5)
  2 worms
  5 orcs
  5 ball pythons
  7 bats
  3 endoplasms
  2 giant cockroaches (D:3)
  3 goblins (D:2)
  6 jackals
  2 quokkas
  2 frilled lizards (D:2)
  4 kobolds
  4 rats
65 creatures vanquished.

Notes
Turn   | Place    | Note
-------+----------+-------------------------------------------
     0 | D:1      | PaiMei the Demonspawn Necromancer began the quest for the
                  | Orb.
     0 | D:1      | Reached XP level 1. HP: 13/13 MP: 3/3
   392 | D:1      | Gained mutation: You have sharp fingernails. [demonic
                  | ancestry]
   392 | D:1      | Reached XP level 2. HP: 19/19 MP: 3/5
  1462 | D:2      | Gained mutation: You have very sharp fingernails. [demonic
                  | ancestry]
  1462 | D:2      | Reached XP level 3. HP: 24/24 MP: 3/6
  1469 | D:2      | Learned a level 3 spell: Vampiric Draining
  2100 | D:3      | Gained mutation: You are partially covered in thin metallic
                  | scales. (AC +2) [demonic ancestry]
  2100 | D:3      | Reached XP level 4. HP: 31/31 MP: 6/8
  2842 | D:4      | Reached skill level 1 in Fighting
  3110 | D:4      | Reached skill level 5 in Necromancy
  3404 | D:5      | Entered Level 5 of the Dungeon
  3550 | D:4      | Gained mutation: You have claws for hands. [demonic
                  | ancestry]
  3550 | D:4      | Reached XP level 5. HP: 32/37 MP: 2/9
  3930 | D:5      | Noticed an ice beast
  3935 | D:5      | Killed an ice beast
  3936 | D:5      | Reached XP level 6. HP: 44/44 MP: 1/11
  4494 | D:5      | Found a staircase to the Ecumenical Temple.
  5223 | Temple   | Entered the Ecumenical Temple
  5233 | Temple   | Became a worshipper of Kikubaaqudgha
  5239 | Temple   | Learned a level 4 spell: Animate Dead
  5285 | D:6      | Noticed an orc warrior
  5291 | D:6      | Mangled by an orc warrior

Illustrated notes

Levels and vault maps discovered:
D:1:      scummos_arrival_simple_crosswalls, layout_basic
D:2:      layout_loops_ring, dk_noncrumbling_4, nicolae_elevator_lobby_asterisk
D:3:      layout_basic
D:4:      layout_gridville, roderic_lattice_a, nrook_mini_backslash
D:5:      layout_basic, temple_statues
D:6:      layout_basic
Temple:   nicolae_temple_bog_church

Skill      XL: |  1  2  3  4  5 |
---------------+----------------+-----
Stealth        | 2 |  2.2
Dodging        | 2 3 |  3.5
Fighting       | 1 2 |  2.8
Necromancy     | 5 |  5.8
Spellcasting   | 3 |  3.7

Action                     |  1- 3 |  4- 6 || total
---------------------------+-------+-------++-------
  Melee: Unarmed           |    15 |    84 ||    99
   Cast: Necrotise         |    55 |    70 ||   125
         Vampiric Draining |       |     4 ||     4
   Stab: Sleeping          |       |     1 ||     1
 Armour: Robe              |     6 |    41 ||    47
  Dodge: Dodged            |    27 |    82 ||   109
